 Dungeon Crawl Stone Soup version 0.23-a0-577-g2b1de94 (webtiles) character file.

2665 Lavandula the Slicer (level 9, -2/51 HPs)
             Began as a Halfling Enchanter on Dec 14, 2018.
             Was an Initiate of Vehumet.
             Slain by a wolf (10 damage)
             ... led by Grum
             ... on level 10 of the Dungeon.
             The game lasted 00:25:54 (4850 turns).

Lavandula the Slicer (Halfling Enchanter)           Turns: 4850, Time: 00:25:55

Health: -2/51      AC:  5    Str:  9    XL:     9   Next: 94%
Magic:  12/16      EV: 15    Int: 16    God:    Vehumet [......]
Gold:   317        SH:  0    Dex: 15    Spells: 2/18 levels left

rFire    . . .     SeeInvis +   u - +6 short sword (vamp)
rCold    . . .     Gourm    .   (shield restricted)
rNeg     + . .     Faith    .   b - +0 robe
rPois    .         Spirit   .   l - +1 helmet
rElec    .         Reflect  .   B - scarf {repulsion}
rCorr    .         Harm     .   (no gloves)
MR       .....                  t - +0 pair of boots
Stlth    ++........             (no amulet)
HPRegen  0.17/turn              s - ring of positive energy
MPRegen  0.15/turn              o - ring of see invisible

@: about to teleport, repel missiles
A: small, mutation resistance 1
a: Renounce Religion


You were on level 10 of the Dungeon.
You worshipped Vehumet.
Vehumet was noncommittal.
You were hungry.

You visited 1 branch of the dungeon, and saw 10 of its levels.

You collected 317 gold pieces.

Inventory:

Hand Weapons
 k - a +0 falchion
 u - a +6 vampiric short sword (weapon)
Armour
 b - a +0 robe (worn)
 l - a +1 helmet (worn)
 t - a +0 pair of boots (worn)
 B - a scarf of repulsion (worn)
Jewellery
 e - an uncursed ring of resist corrosion
 j - an uncursed ring of protection from cold
 o - a ring of see invisible (right hand)
 p - an uncursed ring of protection from fire
 s - a ring of positive energy (left hand)
Wands
 y - a wand of disintegration (17)
Scrolls
 c - 4 scrolls of remove curse
 f - a scroll of immolation
 i - a scroll of teleportation
 n - a scroll of fear {unknown}
 A - a scroll of magic mapping
Potions
 h - a potion of brilliance {unknown}
 m - a potion of haste
 q - a potion of degeneration
 r - 3 potions of lignification
 z - a potion of might {unknown}
Comestibles
 d - 7 rations
 v - 2 chunks of flesh


   Skills:
 - Level 10.8 Short Blades
 - Level 2.1 Dodging
 - Level 3.2 Stealth
 - Level 5.1 Spellcasting
 - Level 3.3 Conjurations
 - Level 3.8 Hexes
 + Level 2.1 Necromancy


You had 2 spell levels left.
You knew the following spells:

 Your Spells              Type           Power        Failure   Level  Hunger
a - Corona                Hex            ###....      3%          1    None
b - Ensorcelled Hibernat  Hex/Ice        ##....       11%         2    #......
c - Confuse               Hex            ###.....     9%          3    ###....
d - Dazzling Spray        Conj/Hex       ###...       11%         3    ###....
e - Regeneration          Chrm/Necr      #.........   28%         3    ###....
f - Animate Skeleton      Necr           N/A          6%          1    None
g - Vampiric Draining     Necr           ##........   19%         3    ###....

Your spell library contained the following spells:

 Spells                   Type           Power        Failure   Level  Hunger
 Pain                     Necr           ##..         6%          1    None
 Tukima's Dance           Hex            ###.....     9%          3    ###....
 Animate Dead             Necr           N/A          52%         4    ####...


Dungeon Overview and Level Annotations

Branches:
Dungeon (10/15)
 Temple: D:4-7         Lair: D:8-11         Orc: D:9-12

Altars:
Ashenzari
Dithmenos
Qazlal
Vehumet
Xom
The Shining One

Annotations:
D:7 exclusion: statue, Harold, Menkaure
D:10 Grum


Innate Abilities, Weirdness & Mutations

You are small and have problems with some larger weapons.
You are somewhat resistant to further mutation.


Message History

Aim: a wolf (moderately wounded, chance to defeat MR: 46%)
The wolf resists with some effort.
The now-empty wand crumbles to dust.
The wolf bites you.
* * * LOW HITPOINT WARNING * * *
Grum misses you.
Evoke which item? (* to show all) (? for menu, Esc to quit)
You don't have any such object.
Evoke which item? (* to show all) (? for menu, Esc to quit)
Okay, then.
Evoke which item? (* to show all) (? for menu, Esc to quit)
Okay, then.
As you read the scroll labeled KOT ZIOJOGHU, it crumbles to dust.
You feel aware of your surroundings.
It was a scroll of magic mapping.
The wolf barely misses you. x2; Grum misses you.
Unknown command.
As you read the scroll of teleportation, it crumbles to dust.
You feel strangely unstable. The wolf bites you.
* * * LOW HITPOINT WARNING * * *
The wolf bites you!
You die...

#.....#.)(###...'.....#####
#.###.##### #####..####****
#...#.....# ####,,+,≈≈≈
###.###.#.# *,,*≈≈≈≈
#.....#)..# ******+**≈≈≈,
#######'### *,,,,*,,*,,,,
#..# ##+####,,+,,,,
##'#######.....#,,+,,,,
#.....@#.'.....#,,+,,,,
#......hg#.....#,,*,,,,
#......###...h.#####***
#......# #..g.......*
#......# #..........*
#......# #..?.......*
#......# ########'##*
*#####+## **,,# *,,,,,,*
*,,**


You could see Grum and a wolf.

Vanquished Creatures
  An unseen horror (D:10)
  Eustachio (D:6)
  A black bear (D:9)
  2 sky beasts
  2 necrophages
  2 wolves (D:9)
  2 centaurs (D:10)
  2 ogres
  A big kobold (D:6)
  2 scorpions (D:5)
  A wyvern skeleton (D:9)
  2 howler monkeys
  3 crimson imps
  A jelly (D:8)
  9 orc wizards
  3 hounds
  An orc priest (D:10)
  A bullfrog skeleton (D:4)
  A centaur skeleton (D:6)
  2 worker ants (D:7)
  A worker ant zombie (D:5)
  3 gnolls
  2 adders
  An ooze (D:3)
  An adder skeleton (D:5)
  A worm (D:4)
  3 dart slugs (D:1)
  8 leopard geckos
  13 orcs
  2 ball pythons
  4 giant cockroaches
  4 goblins
  8 hobgoblins
  25 jackals
  4 kobolds (D:1)
  3 quokkas
  5 bats
  3 frilled lizards
  A jackal skeleton (D:5)
  A leopard gecko zombie (D:6)
  3 rats
136 creatures vanquished.

Vanquished Creatures (collateral kills)
  A bullfrog (D:9)
1 creature vanquished.

Grand Total: 137 creatures vanquished

Notes
Turn   | Place    | Note
-------+----------+-------------------------------------------
     0 | D:1      | Lavandula the Halfling Enchanter began the quest for the
                  | Orb.
     0 | D:1      | Reached XP level 1. HP: 11/11 MP: 3/3
   210 | D:1      | Reached skill level 2 in Short Blades
   220 | D:1      | Reached XP level 2. HP: 8/17 MP: 4/4
   487 | D:1      | Learned a level 2 spell: Ensorcelled Hibernation
   668 | D:1      | Reached skill level 3 in Short Blades
   723 | D:1      | Reached XP level 3. HP: 17/21 MP: 5/5
   922 | D:1      | Reached skill level 4 in Short Blades
  1269 | D:1      | Reached XP level 4. HP: 25/27 MP: 2/6
  1556 | D:3      | Reached skill level 5 in Short Blades
  2157 | D:4      | Reached XP level 5. HP: 25/31 MP: 7/7
  2168 | D:4      | Noticed a necrophage
  2180 | D:5      | Entered Level 5 of the Dungeon
  2190 | D:5      | Learned a level 3 spell: Confuse
  2192 | D:5      | Found a stormy altar of Qazlal.
  2233 | D:5      | Found a shattered altar of Ashenzari.
  2337 | D:5      | Reached XP level 6. HP: 28/36 MP: 6/8
  2540 | D:3      | Found a shimmering altar of Xom.
  2795 | D:4      | Killed a necrophage
  2806 | D:4      | Learned a level 3 spell: Dazzling Spray
  3106 | D:5      | Found a glowing golden altar of the Shining One.
  3122 | D:5      | Reached XP level 7. HP: 39/39 MP: 3/11
  3152 | D:5      | Learned a level 3 spell: Regeneration
  3182 | D:5      | Reached skill level 6 in Short Blades
  3341 | D:5      | Found a shadowy altar of Dithmenos.
  3465 | D:6      | Reached skill level 7 in Short Blades
  3473 | D:6      | Noticed Eustachio
  3504 | D:6      | Killed Eustachio
  3504 | D:6      | Reached skill level 8 in Short Blades
  3504 | D:6      | Reached XP level 8. HP: 44/44 MP: 8/12
  3607 | D:6      | Reached skill level 9 in Short Blades
  3793 | D:7      | Noticed Menkaure
  3878 | D:7      | Reached skill level 10 in Short Blades
  3893 | D:7      | Noticed Harold
  4050 | D:7      | Found a radiant altar of Vehumet.
  4056 | D:7      | Became a worshipper of Vehumet
  4129 | D:8      | Reached XP level 9. HP: 49/49 MP: 13/13
  4180 | D:10     | Entered Level 10 of the Dungeon
  4225 | D:10     | Noticed Grum
  4259 | D:9      | Reached skill level 1 in Conjurations
  4411 | D:9      | Learned a level 1 spell: Animate Skeleton
  4471 | D:9      | HP: 1/49 [orc warrior/+0 dire flail (17)]
  4723 | D:10     | Noticed an unseen horror
  4730 | D:10     | Killed an unseen horror
  4730 | D:10     | Reached skill level 5 in Spellcasting
  4735 | D:10     | Learned a level 3 spell: Vampiric Draining
  4747 | D:10     | Reached skill level 1 in Necromancy
  4850 | D:10     | Slain by a wolf

Vault maps used:
D:1:      minmay_arrival_split_and_join, minmay_tromino_v4_a
D:2:      chequers_serial_rivers_micro_d, serial_bayou_crossing
D:3:      lemuel_crystal_altar, mrwooster_statue_mirror
D:4:      kennysheep_mini
D:5:      old_standard_altar, old_standard_altar, overflow_temple_1_default,
          first_ration, ashenzari_altar_1
D:6:      minmay_flawed_box, minmay_temple_entry_trees, chequers_jeans,
          minmay_misc_feat_ornament, uniq_eustachio
D:7:      vehumet_statue, uniq_harold, uniq_menkaure
D:8:      overflow_temple_1_default, serial_shops, shop
D:9:      elyvilon_altar_1, serial_shops, shop
D:10:     hangedman_ranch, uniq_grum

Skill      XL: |  1  2  3  4  5  6  7  8  9 |
---------------+----------------------------+-----
Short Blades   | 2 3 4 5 8 10 | 10.8
Hexes          | 3 |  3.8
Spellcasting   | 2 3 5 |  5.1
Conjurations   | 3 |  3.3
Necromancy     | 2 |  2.1
Dodging        | |  2.1
Stealth        | |  3.2

Action                   |  1- 3 |  4- 6 |  7- 9 || total
-------------------------+-------+-------+-------++-------
Melee: Dagger            |   132 |   161 |       ||   293
       Short sword       |       |    19 |   241 ||   260
 Cast: Corona            |    11 |     4 |       ||    15
       Ensorcelled Hiber |     7 |    30 |    25 ||    62
       Dazzling Spray    |       |       |    11 ||    11
       Confuse           |       |       |     2 ||     2
       Animate Skeleton  |       |       |     2 ||     2
Evoke: Wand              |       |       |     8 ||     8
  Use: Scroll            |       |     5 |    13 ||    18
       Potion            |       |       |     3 ||     3
 Stab: Sleeping          |     7 |    22 |    12 ||    41
       Distracted        |     1 |       |       ||     1
       Invisible         |       |       |     4 ||     4
       Paralysed         |       |       |     1 ||     1
  Eat: Chunk             |     2 |     8 |     8 ||    18
       Ration            |       |     2 |       ||     2
Armor: Robe              |     9 |    21 |    38 ||    68
Dodge: Dodged            |    89 |   107 |   179 ||   375
       Deflected         |       |       |     1 ||     1

Table legend:
 A = Non-vault XP
 B = Vault XP
 C = Vault XP percentage of total XP
 D = Non-vault monster count
 E = Vault monster count
 F = Vault count percentage of total count
                 A         B        C        D         E       F
            +---------+---------+-------+---------+---------+-------
      Total |    3128 |     680 |  17.9 |     127 |      10 |   7.3
            +---------+---------+-------+---------+---------+-------
        D:1 |      67 |       0 |   0.0 |      27 |       0 |   0.0
        D:2 |      45 |       0 |   0.0 |      11 |       0 |   0.0
        D:3 |      48 |       0 |   0.0 |      19 |       0 |   0.0
        D:4 |     239 |       0 |   0.0 |      14 |       0 |   0.0
        D:5 |     358 |       0 |   0.0 |      15 |       0 |   0.0
        D:6 |     366 |     463 |  55.9 |       9 |       8 |  47.1
        D:7 |     378 |       0 |   0.0 |      12 |       0 |   0.0
        D:8 |      43 |       0 |   0.0 |       1 |       0 |   0.0
        D:9 |     310 |     217 |  41.2 |       7 |       2 |  22.2
       D:10 |    1274 |       0 |   0.0 |      12 |       0 |   0.0
            +---------+---------+-------+---------+---------+-------
